PAA
LANNISTER UNITED LIONHEARTS @ BELVEDERE PARK RAWHIDES
06/22/2023
 
TOP OF THE 1ST
Lannister United Lionhearts batting - Pitching for Belvedere Park Rawhides : RHP Thad Floyd
Pitching: RHP Thad Floyd
Batting: LHB Jorge Garza 0-0: Ball
1-0: Fly out, F1 (Line Drive, 13)
Batting: LHB Jerry Wilson 0-0: Ball
1-0: Called Strike
1-1: SINGLE (Line Drive, 6D)
Batting: RHB Jason Mann 0-0: Ball
1-0: Ball
2-0: Fly out, F8 (Flyball, 8LD)
Batting: SHB Robbie Anderson 0-0: Called Strike
Jerry Wilson steals 2nd base
0-1: Foul Ball, location: 2F
0-2: Fly out, F8 (Flyball, 8LM)
Top of the 1st over - 0 run(s), 1 hit(s), 0 error(s), 1 left on base; Lannister United 0 - Belvedere Park 0
BOTTOM OF THE 1ST
Belvedere Park Rawhides batting - Pitching for Lannister United Lionhearts : LHP Carlos Díaz
Pitching: LHP Carlos Díaz
Batting: SHB Manuel González 0-0: Ball
1-0: Called Strike
1-1: Swinging Strike
1-2: Ball
2-2: Ball
3-2: Ground out 6-3 (Groundball, 56)
Batting: RHB Pedro Jiménez 0-0: Ball
1-0: Ball
2-0: Called Strike
2-1: Ball
3-1: Base on Balls
Batting: RHB Domingo Calderón 0-0: Called Strike
0-1: SINGLE (Flyball, 89S)
Pedro Jiménez to second
Runner from 2nd tries for 3rd, SAFE, no throw or cutoff
Batting: RHB Justin Miles 0-0: Foul Ball, location: 2F
0-1: Foul Ball, location: 2F
0-2: Foul Ball, location: 2F
0-2: Ball
1-2: Ball
2-2: Strikes out swinging
Batting: LHB Willie Brown 0-0: Foul Ball, location: 2F
0-1: Ball
1-1: Ball
2-1: Called Strike
2-2: Strikes out swinging
Bottom of the 1st over - 0 run(s), 1 hit(s), 0 error(s), 2 left on base; Lannister United 0 - Belvedere Park 0
TOP OF THE 2ND
Lannister United Lionhearts batting - Pitching for Belvedere Park Rawhides : RHP Thad Floyd
Batting: LHB Cisco Padilla 0-0: Fly out, F4 (Popup, 4MD)
Batting: LHB Gonzalo Álvarez 0-0: Ball
1-0: Called Strike
1-1: Called Strike
1-2: Strikes out swinging
Batting: RHB Tristan Kuhn 0-0: Ground out U3 (Groundball, 3S)
Top of the 2nd over - 0 run(s), 0 hit(s), 0 error(s), 0 left on base; Lannister United 0 - Belvedere Park 0
BOTTOM OF THE 2ND
Belvedere Park Rawhides batting - Pitching for Lannister United Lionhearts : LHP Carlos Díaz
Batting: RHB Jim Burch 0-0: Ball
1-0: Swinging Strike
1-1: Fly out, F8 (Flyball, 89XD)
Batting: SHB Phil Moore 0-0: Foul Ball, location: 2F
0-1: Foul Ball, location: 2F
0-2: Ball
1-2: Ball
2-2: Ground out 4-3 (Groundball, 34)
Batting: SHB Javier Valle 0-0: SINGLE (Groundball, 34D)
Batting: RHB César López 0-0: Ball
1-0: Called Strike
1-1: Ball
Javier Valle steals 2nd base
2-1: Foul Ball, location: 2F
2-2: Ground out 6-3 (Groundball, 6M)
Bottom of the 2nd over - 0 run(s), 1 hit(s), 0 error(s), 1 left on base; Lannister United 0 - Belvedere Park 0
TOP OF THE 3RD
Lannister United Lionhearts batting - Pitching for Belvedere Park Rawhides : RHP Thad Floyd
Batting: LHB Propsero Lavin 0-0: Ball
1-0: Called Strike
1-1: Ball
2-1: Swinging Strike
2-2: Foul Ball, location: 2F
2-2: Foul Ball, location: 2F
2-2: Strikes out swinging
Batting: RHB Curt Johnston 0-0: SINGLE (Groundball, 34D)
Batting: LHB Jorge Garza 0-0: Ball
Curt Johnston steals 2nd base
1-0: Foul Ball, location: 2F
1-1: Called Strike
1-2: Strikes out swinging
Batting: LHB Jerry Wilson 0-0: Ground out 6-3 (Groundball, 6M)
Top of the 3rd over - 0 run(s), 1 hit(s), 0 error(s), 1 left on base; Lannister United 0 - Belvedere Park 0
BOTTOM OF THE 3RD
Belvedere Park Rawhides batting - Pitching for Lannister United Lionhearts : LHP Carlos Díaz
Batting: SHB Manuel González 0-0: Foul Ball, location: 2F
0-1: Ball
1-1: Ball
2-1: Ball
3-1: Called Strike
3-2: Foul Ball, location: 2F
3-2: Foul Ball, location: 2F
3-2: Base on Balls
Batting: RHB Pedro Jiménez 0-0: Ball
1-0: Ball
2-0: Called Strike
2-1: Fly out, F8 (Flyball, 8LM)
Batting: RHB Domingo Calderón 0-0: Ball
1-0: Ball
2-0: Foul Ball, location: 2F
2-1: Foul Ball, location: 2F
2-2: Foul Ball, location: 2F
2-2: Foul Ball, location: 2F
2-2: Ball
Manuel González is caught stealing 2nd base
3-2: Strikes out swinging
Bottom of the 3rd over - 0 run(s), 0 hit(s), 0 error(s), 0 left on base; Lannister United 0 - Belvedere Park 0
TOP OF THE 4TH
Lannister United Lionhearts batting - Pitching for Belvedere Park Rawhides : RHP Thad Floyd
Batting: RHB Jason Mann 0-0: Ball
1-0: Ball
2-0: Called Strike
2-1: SOLO HOME RUN (Flyball, 8LXD), Distance : 441 ft
Batting: SHB Robbie Anderson 0-0: Called Strike
0-1: Ball
1-1: SINGLE (Groundball, 34)
Batting: LHB Cisco Padilla 0-0: Swinging Strike
0-1: Ball
1-1: Fly out, F7 (Flyball, 7D)
Batting: LHB Gonzalo Álvarez 0-0: Ball
1-0: Grounds into double play, U4-3 (Groundball, 4)
Top of the 4th over - 1 run(s), 2 hit(s), 0 error(s), 0 left on base; Lannister United 1 - Belvedere Park 0
BOTTOM OF THE 4TH
Belvedere Park Rawhides batting - Pitching for Lannister United Lionhearts : LHP Carlos Díaz
Batting: RHB Justin Miles 0-0: Foul Ball, location: 2F
0-1: Swinging Strike
0-2: Foul Ball, location: 2F
0-2: Ball
1-2: Fly out, F3 (Line Drive, 3)
Batting: LHB Willie Brown 0-0: Foul Ball, location: 2F
0-1: Ball
1-1: Foul Ball, location: 2F
1-2: Ball
2-2: Strikes out swinging
Batting: RHB Jim Burch 0-0: Foul Ball, location: 2F
0-1: Ball
1-1: Swinging Strike
1-2: Strikes out looking
Bottom of the 4th over - 0 run(s), 0 hit(s), 0 error(s), 0 left on base; Lannister United 1 - Belvedere Park 0
TOP OF THE 5TH
Lannister United Lionhearts batting - Pitching for Belvedere Park Rawhides : RHP Thad Floyd
Batting: RHB Tristan Kuhn 0-0: Foul Ball, location: 2F
0-1: Ball
1-1: Called Strike
1-2: Ball
2-2: Foul Ball, location: 2F
2-2: Strikes out swinging
Batting: LHB Propsero Lavin 0-0: Called Strike
0-1: Ball
1-1: DOUBLE (Flyball, 9D)
Batting: RHB Curt Johnston 0-0: Foul Ball, location: 2F
0-1: Ball
1-1: Foul Ball, location: 2F
1-2: Foul Ball, location: 2F
1-2: Ball
2-2: DOUBLE (Groundball, 5L)
Propsero Lavin scores
Batting: LHB Jorge Garza 0-0: SINGLE (Flyball, 7S)
Curt Johnston to third
Runner from 3rd tries for Home, SAFE, throw made home
Batting: LHB Jerry Wilson 0-0: Called Strike
0-1: Foul Ball, location: 2F
0-2: Ball
1-2: Foul Ball, location: 2F
1-2: Ball
2-2: Ball
3-2: Base on Balls
Jorge Garza to second
Batting: RHB Jason Mann 0-0: Called Strike
0-1: Called Strike
0-2: Foul Ball, location: 2F
0-2: Ball
1-2: Strikes out looking
Batting: SHB Robbie Anderson 0-0: Called Strike
0-1: Swinging Strike
0-2: Ball
1-2: Foul Ball, location: 2F
1-2: Ball
2-2: Ball
3-2: Foul Ball, location: 2F
3-2: Base on Balls
Jorge Garza to third
Jerry Wilson to second
Batting: LHB Cisco Padilla 0-0: Called Strike
0-1: Ball
1-1: Ball
2-1: Ball
3-1: Foul Ball, location: 2F
3-2: Base on Balls
Jorge Garza scores
Jerry Wilson to third
Robbie Anderson to second
Batting: LHB Gonzalo Álvarez 0-0: Called Strike
0-1: Called Strike
0-2: Strikes out swinging
Top of the 5th over - 3 run(s), 3 hit(s), 0 error(s), 3 left on base; Lannister United 4 - Belvedere Park 0
BOTTOM OF THE 5TH
Belvedere Park Rawhides batting - Pitching for Lannister United Lionhearts : LHP Carlos Díaz
Now at SS: Cale Beazley
Batting: SHB Phil Moore 0-0: Called Strike
0-1: Ball
1-1: Foul Ball, location: 2F
1-2: Foul Ball, location: 2F
1-2: Ball
2-2: Ground out 1-3 (Groundball, 13S)
Batting: SHB Javier Valle 0-0: Called Strike
0-1: Foul Ball, location: 2F
0-2: Ground out 5-3 (Groundball, 56)
Batting: RHB César López 0-0: Called Strike
0-1: Ball
1-1: Called Strike
1-2: Fly out, F3 (Popup, 3DF)
Bottom of the 5th over - 0 run(s), 0 hit(s), 0 error(s), 0 left on base; Lannister United 4 - Belvedere Park 0
TOP OF THE 6TH
Lannister United Lionhearts batting - Pitching for Belvedere Park Rawhides : RHP Thad Floyd
Batting: RHB Tristan Kuhn 0-0: Ball
1-0: Fly out, F4 (Popup, 4M)
Batting: LHB Propsero Lavin 0-0: Ball
1-0: Called Strike
1-1: Foul Ball, location: 2F
1-2: DOUBLE (Flyball, 78XD)
Batting: RHB Cale Beazley 0-0: Ball
1-0: Ball
2-0: Foul Ball, location: 2F
2-1: Swinging Strike
2-2: Ball
3-2: Foul Ball, location: 2F
3-2: Strikes out looking
Pitching: RHP Francisco Barrera
Batting: LHB Jorge Garza 0-0: Ground out 4-3 (Groundball, 4)
Top of the 6th over - 0 run(s), 1 hit(s), 0 error(s), 1 left on base; Lannister United 4 - Belvedere Park 0
BOTTOM OF THE 6TH
Belvedere Park Rawhides batting - Pitching for Lannister United Lionhearts : LHP Carlos Díaz
Pitching: LHP Armando Gonzáles
Batting: SHB Manuel González 0-0: Called Strike
0-1: Fly out, F8 (Flyball, 8RD)
Batting: RHB Pedro Jiménez 0-0: Ball
1-0: Foul Ball, location: 2F
1-1: Ground out 6-3 (Groundball, 6)
Batting: RHB Domingo Calderón 0-0: Ball
1-0: Ball
2-0: Ball
3-0: Called Strike
3-1: Base on Balls
Batting: RHB Justin Miles 0-0: Fielders Choice at 2nd, U6 (Groundball, 6M)
Bottom of the 6th over - 0 run(s), 0 hit(s), 0 error(s), 1 left on base; Lannister United 4 - Belvedere Park 0
TOP OF THE 7TH
Lannister United Lionhearts batting - Pitching for Belvedere Park Rawhides : RHP Francisco Barrera
Batting: LHB Jerry Wilson 0-0: Swinging Strike
0-1: Bunted foul
0-2: Foul Ball, location: 2F
0-2: Foul Ball, location: 2F
0-2: Ground out 4-3 (Groundball, 4)
Batting: RHB Jason Mann 0-0: Called Strike
0-1: Called Strike
0-2: DOUBLE (Flyball, 8RD)
Batting: SHB Robbie Anderson 0-0: Called Strike
0-1: Ball
1-1: Ball
2-1: Ball
3-1: Base on Balls
Batting: LHB Cisco Padilla 0-0: Ball
1-0: Foul Ball, location: 2F
1-1: Foul Ball, location: 2F
1-2: Ball
2-2: DOUBLE (Line Drive, 9D)
Jason Mann scores
Robbie Anderson to third
Batting: LHB Gonzalo Álvarez 0-0: Ball
1-0: Swinging Strike
1-1: Foul Ball, location: 2F
1-2: Ball
2-2: Foul Ball, location: 2F
2-2: Strikes out swinging
Batting: RHB Tristan Kuhn 0-0: Ball
1-0: Ball
2-0: Foul Ball, location: 2F
2-1: Ball
3-1: SINGLE (Line Drive, 6MD)
Robbie Anderson scores
Cisco Padilla to third
Runner from 3rd tries for Home, SAFE, no throw or cutoff
Pitching: RHP Marcos Aguirre
Batting: LHB Propsero Lavin 0-0: Ball
1-0: Foul Ball, location: 2F
1-1: Called Strike
1-2: Foul Ball, location: 2F
1-2: Foul Ball, location: 2F
1-2: Fly out, F9 (Flyball, 9S)
Top of the 7th over - 3 run(s), 3 hit(s), 0 error(s), 1 left on base; Lannister United 7 - Belvedere Park 0
BOTTOM OF THE 7TH
Belvedere Park Rawhides batting - Pitching for Lannister United Lionhearts : LHP Armando Gonzáles
Batting: LHB Willie Brown 0-0: Fly out, F8 (Flyball, 8LM)
Batting: RHB Jim Burch 0-0: Ball
1-0: Ball
2-0: Swinging Strike
2-1: DOUBLE (Line Drive, 5L)
Batting: SHB Phil Moore 0-0: SINGLE (Groundball, 6MD)
Jim Burch to third
Batting: SHB Javier Valle 0-0: Called Strike
0-1: Ball
1-1: Called Strike
1-2: Ball
2-2: Foul Ball, location: 2F
2-2: Foul Ball, location: 2F
2-2: Ball
3-2: Base on Balls
Phil Moore to second
Batting: RHB César López 0-0: Called Strike
0-1: Ball
1-1: Ball
2-1: Foul Ball, location: 2F
2-2: Fly out, F7 (Flyball, 7M)
Batting: SHB Manuel González 0-0: Ball
1-0: Called Strike
1-1: Fielders Choice at 2nd, 6-4 (Groundball, 6MS)
Bottom of the 7th over - 0 run(s), 2 hit(s), 0 error(s), 2 left on base; Lannister United 7 - Belvedere Park 0
TOP OF THE 8TH
Lannister United Lionhearts batting - Pitching for Belvedere Park Rawhides : RHP Marcos Aguirre
Batting: RHB Cale Beazley 0-0: Ball
1-0: Ball
2-0: Foul Ball, location: 2F
2-1: Fly out, F9 (Flyball, 9M)
Batting: LHB Jorge Garza 0-0: Ball
1-0: Fly out, F3 (Line Drive, 3)
Batting: LHB Jerry Wilson 0-0: Foul Ball, location: 2F
0-1: Foul Ball, location: 2F
0-2: Ball
1-2: SINGLE (Groundball, 5D)
Batting: RHB Jason Mann 0-0: Fly out, F7 (Flyball, 7LM)
Top of the 8th over - 0 run(s), 1 hit(s), 0 error(s), 1 left on base; Lannister United 7 - Belvedere Park 0
BOTTOM OF THE 8TH
Belvedere Park Rawhides batting - Pitching for Lannister United Lionhearts : LHP Armando Gonzáles
Batting: RHB Pedro Jiménez 0-0: Called Strike
0-1: Foul Ball, location: 2F
0-2: Foul Ball, location: 2F
0-2: Ball
1-2: Ball
2-2: Foul Ball, location: 2F
2-2: Strikes out swinging
Pitching: RHP Mark Sinclair
Batting: RHB Domingo Calderón 0-0: Foul Ball, location: 2F
0-1: Ball
1-1: Ball
2-1: Foul Ball, location: 2F
2-2: Foul Ball, location: 2F
2-2: Fly out, F7 (Line Drive, 7LM)
Batting: RHB Justin Miles 0-0: Ball
1-0: Called Strike
1-1: Ground out 4-3 (Groundball, 4M)
Bottom of the 8th over - 0 run(s), 0 hit(s), 0 error(s), 0 left on base; Lannister United 7 - Belvedere Park 0
TOP OF THE 9TH
Lannister United Lionhearts batting - Pitching for Belvedere Park Rawhides : RHP Marcos Aguirre
Batting: SHB Robbie Anderson 0-0: Ball
1-0: SINGLE (Flyball, 78S)
Batting: LHB Cisco Padilla 0-0: Called Strike
0-1: Ball
1-1: Ball
2-1: Called Strike
2-2: Strikes out swinging
Batting: LHB Gonzalo Álvarez 0-0: Ball
1-0: Ball
2-0: Swinging Strike
2-1: Ball
3-1: Called Strike
3-2: Strikes out swinging
Batting: RHB Tristan Kuhn 0-0: Ball
1-0: SINGLE (Groundball, 6M)
Robbie Anderson to second
Batting: LHB Propsero Lavin 0-0: Ball
1-0: Called Strike
1-1: DOUBLE (Line Drive, 8RM)
Robbie Anderson scores
Tristan Kuhn to third
Runner from 3rd tries for Home, throw and OUT!
Top of the 9th over - 1 run(s), 3 hit(s), 0 error(s), 1 left on base; Lannister United 8 - Belvedere Park 0
BOTTOM OF THE 9TH
Belvedere Park Rawhides batting - Pitching for Lannister United Lionhearts : RHP Mark Sinclair
Batting: LHB Willie Brown 0-0: Ball
1-0: Called Strike
1-1: Fly out, F5 (Popup, 5SF)
Batting: RHB Jim Burch 0-0: Called Strike
0-1: Ball
1-1: Ground out 1-3 (Groundball, 23)
Batting: SHB Phil Moore 0-0: Ball
1-0: Called Strike
1-1: Foul Ball, location: 2F
1-2: Strikes out swinging
Bottom of the 9th over - 0 run(s), 0 hit(s), 0 error(s), 0 left on base; Lannister United 8 - Belvedere Park 0
This league is powered by Out of the Park Baseball, the baseball management simulation game for PC, Mac and Linux
Friday, July 8th, 2016 - OOTP Baseball 16.9 Build 39